 Dungeon Crawl Stone Soup version 0.29.1-12-g30fa7ad0bf (webtiles) character file.

Game seed: 15315088922011541435

36002 venomsnake the Warrior (level 13, -3/134 HPs)
             Began as a Minotaur Berserker on Jan 7, 2023.
             Was a High Priest of Trog.
             Killed from afar by a manticore (15 damage)
             ... with a volley of spikes
             ... summoned by Kirke
             ... on level 5 of the Lair of Beasts.
             The game lasted 00:46:16 (21400 turns).

venomsnake the Warrior (Minotaur Berserker)        Turns: 21400, Time: 00:46:17

Health: -3/134     AC:  0    Str: 27    XL:     13   Next: 50%
Magic:  12/12      EV: 18    Int:  4    God:    Trog [*****.]
Gold:   955        SH:  0    Dex: 10    Spells: 12/12 levels left

rFire   . . .      SeeInvis .   (weapon currently unavailable)
rCold   . . .      Faith    .   (shield currently unavailable)
rNeg    . . .      Spirit   .   (body armour currently unavailable)
rPois   .          Reflect  .   (helmet currently unavailable)
rElec   .          Harm     .   (cloak currently unavailable)
rCorr   .          Rampage  .   (gloves currently unavailable)
Will    .....                   (boots currently unavailable)
Stlth   +.........              (no amulet)
HPRegen 0.32/turn               (ring currently unavailable)
MPRegen 0.13/turn               (ring currently unavailable)

@: about to teleport, pig-form, spiked, slowed
A: fast, no casting, small, (horns 2), (retaliatory headbutt)
a: Renounce Religion, Berserk, Trog's Hand, Brothers in Arms


You were on level 5 of the Lair of Beasts.
You worshipped Trog.
Trog was extremely pleased with you.
You were a filthy swine.
You visited 2 branches of the dungeon, and saw 16 of its levels.

You collected 955 gold pieces.

Inventory:

Hand Weapons
 G - a +0 war axe
 L - a +5 war axe of freezing (melded)
Missiles
 f - 114 stones
 B - 30 poisoned darts (quivered)
 D - 2 throwing nets
Armour
 d - a +0 pair of gloves (melded)
 u - a +2 hat (melded)
 w - a +0 plate armour (melded)
 x - a +0 pair of boots (melded)
 F - a +0 kite shield (melded)
 P - a +0 cloak (melded)
Jewellery
 n - a +4 ring of protection (melded)
 E - a ring of protection from cold
 K - a ring of protection from fire
 T - a ring of poison resistance (melded)
Wands
 h - a wand of roots (13)
 i - a wand of flame (45)
 J - a wand of polymorph (5)
 O - a wand of charming (12)
Scrolls
 j - 6 scrolls of poison
 l - 4 scrolls of magic mapping
 o - a scroll of noise {unknown}
 p - 4 scrolls of enchant weapon {unknown}
 q - 5 scrolls of immolation {unknown}
 r - 7 scrolls of silence
 t - 10 scrolls of teleportation
 y - 3 scrolls of vulnerability {unknown}
 C - 2 scrolls of blinking {unknown}
 H - a scroll of brand weapon {unknown}
 I - 6 scrolls of amnesia
 M - 2 scrolls of torment {unknown}
 N - 5 scrolls of fear {unknown}
 Q - 3 scrolls of fog {unknown}
 R - a scroll of enchant armour {unknown}
 U - 2 scrolls of identify
Potions
 a - a potion of might {unknown}
 b - 8 potions of curing
 c - 8 potions of heal wounds
 e - 3 potions of haste {unknown}
 g - 4 potions of attraction {unknown}
 k - 5 potions of brilliance
 m - 3 potions of lignification {unknown}
 s - 4 potions of magic
 v - a potion of cancellation {unknown}
 z - 2 potions of flight {unknown}
 A - 2 potions of degeneration {unknown}
 S - a potion of ambrosia {unknown}


   Skills:
 * Level 17.8 Fighting
 + Level 13.1 Axes
 + Level 12.8 Armour
 + Level 11.8 Dodging


You had 12 spell levels left.
You didn't know any spells.
Your spell library was empty.

Dungeon Overview and Level Annotations

Branches:
Dungeon (11/15)            Temple (0/1) D:4            Lair (5/5) D:8
 Shoals (0/4) Lair:3        Snake (0/4) Lair:2        Slime (0/5) Lair:5
    Orc (0/2) D:11

Altars:
Gozag
Kikubaaqudgha
Okawaru
Qazlal
Sif Muna
Yredelemnul

Shops:
D:2 (   D:6 *

Portals:
Trove: D:11 (give horn of Geryon)

Annotations:
D:8 exclusion: ice statue
Lair:5 Kirke


Innate Abilities, Weirdness & Mutations

You are a filthy swine.
You move quickly.
Your equipment is almost entirely melded.
You are incapable of wielding weapons or throwing items.
You cannot cast spells.
((You have a pair of horns on your head.))
((You reflexively headbutt those who attack you in melee.))


Message History

Kirke casts a spell at you.
You feel yourself slow down.
The sphinx casts a spell.
You struggle to resist.
Kirke points at you and mumbles some strange words.
You feel a momentary urge to oink.
Kirke whispers, "No Minotaur can resist me..."
Kirke says, "Can we stop fighting?
I have some good wine for you..."
Kirke mumbles some strange words.
Kirke flickers and vanishes!
Deactivating autopickup; reactivate with Ctrl-A.
The hog attacks as you move away! The hog barely misses you. The hog bites you.
Something summons a manticore!
The hog misses you.
You hit the hog.
The hog is heavily wounded.
The hog misses you.
You hit the hog but do no damage.
The hog is heavily wounded.
The hog bites you! The hog barely misses you.
You hit the hog.
The hog is severely wounded.
The hog misses you.
You completely miss the hog.
The hog is severely wounded.
The hog bites you. x2; The sphinx hits you.
The sphinx hits you! x2
As you read the scroll of teleportation, it crumbles to dust.
You feel strangely unstable. The hog barely misses you. The sphinx hits you!!
The sphinx hits you!
* * * LOW HITPOINT WARNING * * *
The sphinx hits you!
* * * LOW HITPOINT WARNING * * *
The hog bites you!
* * * LOW HITPOINT WARNING * * *
The sphinx casts a spell.
You struggle to resist.
The manticore flicks its tail.
The volley of spikes hits you!
The barbed spikes become lodged in your body.
You die...

##...........#..P##...
#...........##..#.#...
##............#.#..##..
##............#####...P.
#..............#........
*#.......H..............
#.......H........##...,
*#....h.....P...#..#...
##...h......#..P.##*,*
#.......#.......# ***
#...########...###
##.#.########....#
#....##.#.####.#.#**
##....P..#..###...#.#
###.....P....#........#
#............###P....##
#.#.....†....# ##P..##**


You could see a sphinx (summoned), a manticore (summoned) and a hog.

Vanquished Creatures
  Josephine (D:10)
  2 boulder beetles (Lair:4)
  2 two-headed ogres
  11 death yaks
  An ugly thing (D:11)
  A cyclops (D:11)
  A black mamba (Lair:2)
  4 elephants (Lair:3)
  7 cane toads
  7 rime drakes
  6 komodo dragons
  An unseen horror (D:10)
  3 trolls
  Prince Ribbit (Lair:1)
  3 polar bears
  A hornet (D:9)
  3 blink frogs (Lair:1)
  15 dream sheep
  6 wraiths (D:10)
  2 shadows (D:11)
  4 wyverns
  16 yaks
  A fire elemental (Lair:4)
  3 hogs (Lair:5)
  2 steam dragons
  4 basilisks
  An acid dragon (D:11)
  A warg (D:11)
  17 water moccasins
  3 black bears
  2 sky beasts
  3 orc warriors
  4 ogres
  An ice beast (D:6)
  10 wolves
  A centaur (D:8)
  2 kobold brigands
  Blork the orc (D:4)
  3 gnoll sergeants
  4 bullfrogs
  8 scorpions
  20 wights
  3 electric eels (D:7)
  2 howler monkeys
  A jelly (D:8)
  7 orc priests
  3 hounds
  3 iguanas
  5 hell rats (Lair:3)
  9 orc wizards
  Robin (D:2)
  14 gnolls
  2 river rats (D:3)
  6 adders
  A shadow imp (D:6)
  2 white imps
  An ufetubus (D:6)
  5 worms
  9 dart slugs
  40 orcs
  7 endoplasms
  A giant cockroach (D:2)
  16 goblins
  5 hobgoblins
  3 jackals (D:1)
  6 quokkas
  4 ball pythons
  7 bats
  2 frilled lizards (D:1)
  16 kobolds
  8 rats
378 creatures vanquished.

Vanquished Creatures (collateral kills)
  A hydra (Lair:4)
1 creature vanquished.

Vanquished Creatures (others)
  Psyche (D:8)
  23 fungi
  43 plants
67 creatures vanquished.

Grand Total: 446 creatures vanquished

Notes
Turn   | Place    | Note
-------+----------+-------------------------------------------
     0 | D:1      | venomsnake the Minotaur Berserker began the quest for the
                  | Orb.
     0 | D:1      | Reached XP level 1. HP: 19/19 MP: 0/0
   311 | D:1      | Reached XP level 2. HP: 27/27 MP: 1/1
   317 | D:1      | Reached skill level 4 in Fighting
   508 | D:1      | You fall into a shaft and drop 1 floor!
   541 | D:2      | Found Ixyneap's Weapon Shoppe.
   803 | D:2      | Noticed Robin
   927 | D:2      | Reached ** piety under Trog
   928 | D:2      | Reached XP level 3. HP: 33/33 MP: 2/2
   941 | D:2      | Killed Robin
  1767 | D:1      | Found a faded altar of an unknown god.
  2124 | D:1      | Reached XP level 4. HP: 40/41 MP: 3/3
  2476 | D:3      | Identified the +7 sling of the Sea {freeze, rC+ Dex+3}
  3251 | D:3      | Reached skill level 5 in Fighting
  3416 | D:4      | Noticed an ogre
  3447 | D:4      | Killed an ogre
  3448 | D:4      | Reached XP level 5. HP: 49/49 MP: 4/4
  3631 | D:4      | Reached XP level 6. HP: 19/57 MP: 5/5
  3923 | D:4      | Reached skill level 6 in Fighting
  3923 | D:4      | Reached skill level 5 in Axes
  4002 | D:4      | Reached *** piety under Trog
  4264 | D:4      | Noticed Blork the orc
  4279 | D:4      | Killed Blork the orc
  4292 | D:4      | Reached XP level 7. HP: 46/64 MP: 6/6
  4464 | D:4      | Found a shimmering blue altar of Sif Muna.
  4513 | D:4      | Found a staircase to the Ecumenical Temple.
  4612 | D:4      | Reached skill level 7 in Fighting
  4980 | D:5      | Entered Level 5 of the Dungeon
  5000 | D:5      | Identified the +6 short sword "venomsnake's Curse" {drain,
                  | rF++ Str+4 Dex-3}
  5172 | D:5      | Reached skill level 5 in Armour
  5323 | D:5      | Reached skill level 5 in Dodging
  5323 | D:5      | Reached XP level 8. HP: 73/74 MP: 7/7
  5328 | D:5      | Reached skill level 8 in Fighting
  6532 | D:6      | Found a stormy altar of Qazlal.
  6532 | D:6      | Found a basalt altar of Yredelemnul.
  6708 | D:6      | Reached skill level 9 in Fighting
  7289 | D:6      | Found Peutzui's Fire Supplies.
  7339 | D:6      | Reached **** piety under Trog
  8142 | D:7      | Reached XP level 9. HP: 85/85 MP: 8/8
  8438 | D:7      | Reached skill level 10 in Fighting
  9175 | D:7      | Found an iron altar of Okawaru.
  9286 | D:8      | Noticed Psyche
  9291 | D:8      | Killed Psyche
  9416 | D:8      | Reached skill level 11 in Fighting
  9789 | D:8      | Reached XP level 10. HP: 96/96 MP: 9/9
 10153 | D:8      | Noticed a two-headed ogre
 10171 | D:8      | Killed a two-headed ogre
 10262 | D:8      | Found a staircase to the Lair.
 10291 | D:8      | Noticed an ice statue
 10648 | D:9      | Reached skill level 12 in Fighting
 11296 | D:9      | Found an ancient bone altar of Kikubaaqudgha.
 11755 | D:10     | Entered Level 10 of the Dungeon
 12045 | D:10     | Reached ***** piety under Trog
 12164 | D:10     | Noticed Josephine
 12189 | D:10     | Killed Josephine
 12190 | D:10     | Reached skill level 13 in Fighting
 12196 | D:10     | Reached XP level 11. HP: 37/107 MP: 10/10
 12978 | D:11     | Noticed a two-headed ogre
 12994 | D:11     | Killed a two-headed ogre
 12995 | D:11     | Reached skill level 10 in Axes
 13095 | D:11     | Noticed a white ugly thing
 13124 | D:11     | Killed a white ugly thing
 13515 | D:11     | Found a staircase to the Orcish Mines.
 13547 | D:11     | Reached skill level 10 in Armour
 13562 | D:11     | Reached skill level 14 in Fighting
 14049 | D:11     | Found a portal to a secret trove of treasure.
 14457 | Lair:1   | Entered Level 1 of the Lair of Beasts
 14461 | Lair:1   | Noticed Prince Ribbit
 14477 | Lair:1   | Killed Prince Ribbit
 15372 | Lair:1   | Found an opulent altar of Gozag.
 15952 | Lair:2   | Reached skill level 15 in Fighting
 16192 | Lair:2   | Reached skill level 10 in Dodging
 16192 | Lair:2   | Reached XP level 12. HP: 105/119 MP: 11/11
 16260 | Lair:2   | Found a staircase to the Snake Pit.
 16910 | Lair:3   | Found a staircase to the Shoals.
 17442 | Lair:3   | Found the +8 whip "Snakebite" {venom, curare, rPois}
 17909 | Lair:3   | Reached skill level 16 in Fighting
 17934 | Lair:3   | Received a gift from Trog
 18731 | Lair:4   | Noticed a death yak
 18738 | Lair:4   | Noticed a boulder beetle
 18747 | Lair:3   | Killed a death yak
 18837 | Lair:4   | Noticed a death yak
 18840 | Lair:4   | Noticed a death yak
 18841 | Lair:4   | Noticed a death yak
 18842 | Lair:4   | Noticed a death yak
 18850 | Lair:3   | Killed a death yak
 19017 | Lair:3   | Killed a death yak
 19152 | Lair:3   | Killed a death yak
 19156 | Lair:3   | Killed a death yak
 19599 | Lair:4   | Noticed a boulder beetle
 19622 | Lair:4   | Killed a boulder beetle
 19775 | Lair:4   | Reached XP level 13. HP: 129/130 MP: 12/12
 20042 | Lair:4   | Reached skill level 17 in Fighting
 20725 | Lair:5   | Entered Level 5 of the Lair of Beasts
 21360 | Lair:5   | Noticed Kirke
 21373 | Lair:5   | Noticed a sphinx
 21400 | Lair:5   | Killed from afar by a manticore

Illustrated notes

Levels and vault maps discovered:
D:1:      psy_arrival_statuary, layout_loops_ring,
          shapermc_ecumenical_altar_hornbeckon
D:2:      layout_loops_ring, serial_shops, nicolae_shop_bloodbath_and_beyond,
          kennysheep_decorative_pillar, serial_bayou_lagoon_b, uniq_robin
D:3:      layout_basic, lightli_sewer_entry_pipes
D:4:      layout_gridville, kennysheep_mini_moat,
          minmay_temple_entry_enclosed_plants, uniq_blork_the_orc
D:5:      layout_basic, wad_rectangle_vault
D:6:      layout_basic, chequers_temple_overflow_statue_of_worship,
          corexii_leaking_fountain, nicolae_shop_fire_sale
          [nicolae_sub_dead_trees], kennysheep_doodads
D:7:      kennysheep_slugbush, layout_cave_pools, david_defended_altar_orc
D:8:      minmay_statue_hallways, layout_loops_ring, dpeg_oklobed_lair,
          uniq_psyche
D:9:      layout_irregular_city, nicolae_overflow_hidden_temple
D:10:     layout_roguey, enter_bailey_1, uniq_josephine
D:11:     layout_loops_ring, erik_orc_4, enter_trove_3, portal_ice_cave_rime
Lair:1:   layout_loops_ring, basic_altar, uniq_prince_ribbit2
Lair:2:   layout_cave_pods, minmay_snake_entry_guardpost_small, st_stairs_4
Lair:3:   minmay_guarded_unrand_snakebite, layout_cave_pods, shoals_dummy_entry,
          infiniplex_staircase_pool
Lair:4:   layout_gridlike, minivault_26, grunt_megastairs_1
Lair:5:   hellmonk_lair_end_abyssal_woods, layout_cave_pods,
          minmay_slime_entry_pillars, minmay_lair_drake_nest, uniq_kirke

Skill      XL: |  1  2  3  4  5  6  7  8  9 10 11 12 13 |
---------------+----------------------------------------+-----
Fighting       | 4 5 6 7 9 11 13 15 16 17 | 17.8
Axes           | 4 5 6 7 8 9 11 12 13 | 13.1
Armour         | 3 4 5 6 8 9 10 12 | 12.8
Dodging        | 3 4 5 6 7 8 10 11 | 11.8

Action                   |  1- 3 |  4- 6 |  7- 9 | 10-12 | 13-15 || total
-------------------------+-------+-------+-------+-------+-------++-------
Melee: Hand axe          |   101 |   118 |   201 |       |       ||   420
       Headbutt          |    16 |    19 |    72 |   102 |    27 ||   236
       Punch             |     2 |       |     1 |       |       ||     3
       War axe           |       |       |   122 |   505 |    97 ||   724
       Unarmed           |       |       |       |       |     6 ||     6
Throw: Stone             |       |     2 |       |       |       ||     2
       Dart              |       |       |     1 |       |       ||     1
Invok: Berserk           |       |     1 |       |     2 |     1 ||     4
       Trog's Hand       |       |       |     1 |       |       ||     1
       Brothers in Arms  |       |       |       |     1 |     1 ||     2
Evoke: Wand              |       |       |     3 |       |       ||     3
  Use: Scroll            |     1 |     2 |     1 |     6 |     2 ||    12
Armor: Animal skin       |    26 |       |       |       |       ||    26
       Ring mail         |     8 |    21 |       |       |       ||    29
       Fire dragon scale |       |    21 |       |       |       ||    21
       Plate armour      |       |    23 |   240 |   383 |    60 ||   706
Dodge: Dodged            |    61 |    53 |   131 |   176 |    36 ||   457
Block: Kite shield       |       |       |    49 |   148 |    22 ||   219
